 Dungeon Crawl Stone Soup version 0.16-a0-3554-g1f1ee3f (webtiles) character file.

121 Minkie the Grave Robber (level 4, 0/35 HPs)
             Began as a Mummy Necromancer on Jan 10, 2015.
             Slain by miek's ghost (9 damage)
             ... on level 3 of the Dungeon.
             The game lasted 00:09:38 (2008 turns).

Minkie the Grave Robber (Mummy Necromancer)         Turns: 2008, Time: 00:09:38

Health: 0/35       AC:  2    Str: 11    XL:     4   Next: 76%
Magic:  3/7        EV: 12    Int: 15    God:
Gold:   114        SH:  0    Dex: 12    Spells: 2 memorised, 2 levels left

rFire  x . .     SeeInvis .     l - +0 spear
rCold  + . .     Clarity  .     a - +0 robe
rNeg   + + +     SustAb   .     (no shield)
rPois  ∞         Gourm    .     (no helmet)
rElec  .         Spirit   .     (no cloak)
rCorr  .         Warding  .     (no gloves)
rMut   .         Stasis   .     (no boots)
MR     .....                    (no amulet)
Stlth  ++........               (no ring)
                                (no ring)

@: not resistant to hostile enchantments, unstealthy
A: no food or potions, fire vulnerability, restore body, cold resistance 1,
negative energy resistance 3, poison resistance, torment resistance, unbreathing
a: no special abilities


You were on level 3 of the Dungeon.
You were not hungry.

You visited 1 branch of the dungeon, and saw 3 of its levels.

You collected 114 gold pieces.

Inventory:

Hand weapons
 l - a +0 spear (weapon)
Armour
 a - a +0 robe (worn)
Scrolls
 c - 3 scrolls of identify {unknown}
 d - 4 scrolls of random uselessness {unknown}
 e - a scroll of recharging {unknown}
 f - 2 scrolls of teleportation {unknown}
 g - a scroll of remove curse {unknown}
 h - a scroll of noise {unknown}
 i - a scroll of blinking {unknown}
 j - a scroll of amnesia {unknown}
 k - 3 scrolls of fear {unknown}
Books
 b - a book of Necromancy

   Spells                             Type                      Level
   a - Pain                           Necromancy                   1
   b - Animate Skeleton               Necromancy                   1
   c - Vampiric Draining              Necromancy                   3
   d - Regeneration                   Charms/Necromancy            3
   e - Animate Dead                   Necromancy                   4
   f - Control Undead                 Necromancy                   4


   Skills:
 + Level 3.1 Fighting
 - Level 1.5 Dodging
 - Level 1.5 Stealth
 - Level 2.0 Spellcasting
 - Level 5.1 Necromancy


You had 2 spell levels left.
You knew the following spells:

 Your Spells              Type           Power        Failure   Level  Hunger
a - Pain                  Necr           ###.         2%          1    N/A
b - Animate Dead          Necr           N/A          28%         4    N/A

Dungeon Overview and Level Annotations

Branches:
Dungeon (3/15)

Altars:

Annotations:
D:3 miek's ghost, average FeTm


Innate Abilities, Weirdness & Mutations

You do not eat or drink.
Your flesh is vulnerable to fire.
Your flesh is cold resistant.
You are immune to negative energy.
Your system is resistant to poisons.
You are immune to unholy pain and torment.
You can survive without breathing.


Message History

Miek's ghost closely misses you.
Your gnoll zombie hits miek's ghost with a whip.
Miek's ghost hits you.
You miss miek's ghost.
Miek's ghost is severely damaged.
Miek's ghost hits you.
You miss miek's ghost.
Miek's ghost is severely damaged.
Your gnoll zombie completely misses miek's ghost.
Miek's ghost barely misses you.
You hit miek's ghost.
Miek's ghost is almost destroyed.
Your gnoll zombie barely misses miek's ghost.
Miek's ghost hits you!
* * * LOW HITPOINT WARNING * * *
You barely miss miek's ghost.
Miek's ghost is almost destroyed.
Your gnoll zombie closely misses miek's ghost.
Miek's ghost hits you!
You die... # ...# ...
P.P

#####P. ## .....#
.. #..####.#
#...W@..####
##..Z.........
##..#########
#.).>.# ####.#.#.#
#........#
#.##.#.#.#
#########.##.....#
...........###.#.#


You could see miek's ghost and a friendly gnoll zombie.

Vanquished Creatures
  A worker ant (D:3)
  Jessica (D:2)
  Terence (D:2)
  3 gnolls (D:3)
  A worm (D:2)
  A giant gecko (D:3)
  4 goblins
  2 hobgoblins (D:1)
  2 jackals (D:2)
  4 kobolds
  5 bats
  A giant newt (D:1)
  9 rats
35 creatures vanquished.

Notes
Turn   | Place    | Note
--------------------------------------------------------------
     0 | D:1      | Minkie, the Mummy Necromancer, began the quest for the Orb.
     0 | D:1      | Reached XP level 1. HP: 13/13 MP: 3/3
   497 | D:1      | Reached XP level 2. HP: 19/19 MP: 0/4
   897 | D:2      | Noticed Jessica
   903 | D:2      | Killed Jessica
   903 | D:2      | Reached skill level 5 in Necromancy
   903 | D:2      | Reached XP level 3. HP: 24/24 MP: 0/6
   969 | D:2      | Noticed Terence
  1147 | D:2      | Killed Terence
  1147 | D:2      | Reached skill level 1 in Fighting
  1804 | D:3      | Reached XP level 4. HP: 33/33 MP: 3/7
  1847 | D:3      | Learned a level 4 spell: Animate Dead
  1881 | D:3      | Noticed miek's ghost (average FeTm)
  2008 | D:3      | Slain by miek's ghost

Action                   |  1- 3 |  4- 6 || total
-------------------------+-------+-------++-------
Melee: Dagger            |     4 |       ||     4
       Spear             |       |    12 ||    12
 Cast: Pain              |    63 |    14 ||    77
       Animate Dead      |       |     1 ||     1
